 Dungeon Crawl Stone Soup version 0.22.1-1-ga44c0e56f4 (webtiles) character file.

837 Naru the Cleaver (level 7, -1/62 HPs)
             Began as a Minotaur Berserker on Nov 8, 2018.
             Was a Believer of Trog.
             Slain by a gnoll shaman
             ... wielding a cursed +0 club
              (6 damage)
             ... on level 5 of the Dungeon.
             The game lasted 00:08:28 (3425 turns).

Naru the Cleaver (Minotaur Berserker)               Turns: 3425, Time: 00:08:30

Health: -1/62      AC:  8    Str: 21    XL:     7   Next: 66%
Magic:  0/6        EV:  3    Int:  4    God:    Trog [**....]
Gold:   155        SH:  0    Dex: 12    Spells: 6/6 levels left

rFire    . . .     SeeInvis .   b - +4 hand axe (chop)
rCold    + . .     Gourm    .   s - +1 shield
rNeg     . . .     Faith    .   t - +0 chain mail
rPois    .         Spirit   +   (helmet restricted)
rElec    .         Reflect  .   (no cloak)
rCorr    .         Harm     .   (no gloves)
MR       ++...                  (no boots)
Stlth    ..........             j - amulet of guardian spirit
HPRegen  1.20/turn              p - ring of protection from cold
MPRegen  0.10/turn              (no ring)

@: held, regenerating
A: retaliatory headbutt, horns 2
a: Berserk, Trog's Hand, Renounce Religion


You were on level 5 of the Dungeon.
You worshipped Trog.
Trog was pleased with you.
You were hungry.

You visited 1 branch of the dungeon, and saw 5 of its levels.

You collected 155 gold pieces.

Inventory:

Hand Weapons
 b - a +4 hand axe of chopping (weapon)
 e - the +5 spear of Trial by Ordeal {freeze, Int+8 Dex-5}
   (You took it off a gnoll on level 4 of the Dungeon)

   It has been specially enchanted to freeze those struck by it, causing extra
   injury to most foes and up to half again as much damage against particularly
   susceptible opponents.
   It can also slow down cold-blooded creatures.
   It affects your intelligence (+8).
   It affects your dexterity (-5).
Missiles
 d - 16 poisoned needles
 g - 2 throwing nets
 k - 22 bolts
 u - 2 tomahawks (quivered)
Armour
 s - a +1 shield (worn)
 t - a +0 chain mail (worn)
Jewellery
 j - an amulet of guardian spirit (around neck)
 p - a ring of protection from cold (left hand)
 v - an uncursed ring of ice
Scrolls
 f - a scroll of remove curse
 r - a scroll of enchant weapon
Potions
 a - 4 potions of agility
 h - a potion of lignification
 i - a potion of ambrosia
 l - 2 potions of curing
 o - 2 potions of brilliance
 q - a potion of berserk rage {unknown}
Comestibles
 c - 10 rations


   Skills:
 + Level 5.7 Fighting
 * Level 8.7 Axes
 - Level 2.4 Armour
 + Level 3.1 Dodging
 * Level 4.0 Shields


You had 6 spell levels left.
You didn't know any spells.
Your spell library was empty.

Dungeon Overview and Level Annotations

Branches:
Dungeon (5/15)
 Temple: D:4-7

Altars:
Fedhas
Trog


Innate Abilities, Weirdness & Mutations

You reflexively headbutt those who attack you in melee.
You have a pair of horns on your head.


Message History

You feel much better.
The gnoll hits you from afar with an enchanted spear.
The gnoll shaman hits you but does no damage.
The gnoll completely misses you.
You struggle against the net.
The gnoll hits you from afar with a halberd!
* * * LOW HITPOINT WARNING * * *
The gnoll hits you but does no damage.
The gnoll shaman hits you but does no damage.
The gnoll hits you but does no damage.
You struggle against the net.
The gnoll hits you but does no damage. x2
The gnoll shaman hits you but does no damage.
Your skin crawls.
You feel resistant to hostile enchantments.
You are feeling hungry.
The gnoll hits you from afar with a halberd.
* * * LOW HITPOINT WARNING * * *
The gnoll barely misses you. The gnoll hits you but does no damage.
The gnoll shaman hits you with a club.
You die...

.........
........
.Z....#
.....###
......#
ggg..#
#g...####
#@......#
#....$#####..
####..# #...
.... #.....
###... .....


You could see a gnoll shaman, 3 gnolls and a bullfrog skeleton.

Vanquished Creatures
  Grinder (D:4)
  An ogre (D:4)
  An eye of draining (D:4)
  Blork the orc (D:4)
  A water moccasin skeleton (D:4)
  A gnoll shaman (D:4)
  2 orc priests
  A hound (D:4)
  3 adders
  11 gnolls
  2 worms (D:3)
  2 dart slugs
  5 leopard geckos
  19 orcs
  5 giant cockroaches
  6 goblins
  3 hobgoblins
  2 jackals (D:1)
  7 kobolds
  2 quokkas (D:3)
  4 bats
  4 frilled lizards
  3 rats
87 creatures vanquished.

Notes
Turn   | Place    | Note
-------+----------+-------------------------------------------
     0 | D:1      | Naru the Minotaur Berserker began the quest for the Orb.
     0 | D:1      | Reached XP level 1. HP: 19/19 MP: 0/0
   130 | D:1      | Reached XP level 2. HP: 26/27 MP: 1/1
   273 | D:1      | Reached skill level 4 in Axes
   816 | D:2      | Reached XP level 3. HP: 34/34 MP: 2/2
  1016 | D:2      | Reached ** piety under Trog
  1412 | D:3      | Reached XP level 4. HP: 25/41 MP: 1/3
  1415 | D:3      | Reached skill level 5 in Axes
  1422 | D:3      | HP: 2/61 [gnoll/whip (5)]
  1574 | D:3      | Reached skill level 1 in Shields
  1574 | D:3      | Reached XP level 5. HP: 17/47 MP: 2/4
  1922 | D:3      | Reached skill level 6 in Axes
  2213 | D:4      | Noticed Blork the orc
  2222 | D:4      | Killed Blork the orc
  2222 | D:4      | Reached skill level 5 in Fighting
  2224 | D:4      | Reached XP level 6. HP: 47/56 MP: 3/5
  2241 | D:4      | Reached skill level 7 in Axes
  2574 | D:4      | Got a brightly glowing spear {freeze}
  2763 | D:4      | Identified the +5 spear of Trial by Ordeal {freeze, Int+8
                  | Dex-5} (You took it off a gnoll on level 4 of the Dungeon)
  2812 | D:4      | Noticed Grinder
  2837 | D:4      | Paralysed by Grinder for 3 turns
  2845 | D:4      | Killed Grinder
  2845 | D:4      | Reached skill level 8 in Axes
  2845 | D:4      | Reached XP level 7. HP: 61/61 MP: 6/6
  2904 | D:4      | Found a blossoming altar of Fedhas.
  3083 | D:4      | Found a bloodstained altar of Trog.
  3410 | D:5      | Entered Level 5 of the Dungeon
  3425 | D:5      | Slain by a gnoll shaman

Skill      XL: |  1  2  3  4  5  6  7 |
---------------+----------------------+-----
Fighting       | 4 5 |  5.7
Axes           | 4 5 6 8 |  8.7
Shields        | 1 3 4 |  4.0
Dodging        | 3 |  3.1
Armour         | |  2.4

Action                   |  1- 3 |  4- 6 |  7- 9 || total
-------------------------+-------+-------+-------++-------
Melee: Hand axe          |    43 |    14 |    32 ||    89
       Headbutt          |    14 |    13 |     4 ||    31
       War axe           |    28 |    81 |       ||   109
Throw: Tomahawk          |       |     5 |       ||     5
Invok: Trog's Hand       |       |     5 |     1 ||     6
       Berserk           |       |     4 |       ||     4
  Use: Scroll            |     1 |    11 |     2 ||    14
       Potion            |       |     1 |     1 ||     2
 Stab: Sleeping          |     1 |       |       ||     1
  Eat: Chunk             |     1 |     9 |       ||    10
       Ration            |       |       |     1 ||     1
Armor: Animal skin       |     2 |       |       ||     2
       Robe              |    11 |       |       ||    11
       Ring mail         |       |     8 |       ||     8
       Chain mail        |       |    32 |    17 ||    49
Dodge: Dodged            |    39 |    39 |    10 ||    88
Block: Shield            |     5 |    53 |    14 ||    72
